cohdb
Replays
Latest Replays
All Replays
Popular Replays
Top Player Replays
Match Explorer
How It Works
Community
CoH3 Stats
Reddit
Sign in to upload your games and track your stats! →
Sign in with Steam
Match 40145973
Unlisted
Match 40145973
Overview
Messages
Build Orders
End
Engineer Squad
Construct Barracks
Selects Heavy Weapons
Riflemen Squad
Riflemen Squad
Construct Weapon Support Center
Riflemen Squad
Selects Assault Carriers
Mechanized Support Center
Construct Medical Station
M3 Assault Carrier
Selects M2HB .50cal Heavy Machine Gun
M1919 Machine Gun Team
Grenade Package
M1918 Browning Automatic Rifles
Construct Motor Pool
Improvised Armor
Selects Exchangeable Parts
M1 Anti-tank Gun Team
Gabe_Real
Random_Target
Turtleboy
Humbarwhy
I.S.M.A.I.L
DaRtH VaDeRX2020
PotatoHead
Cicero_540
0
0
Comments
sign in to comment!
No comments posted yet!